 Dungeon Crawl Stone Soup version 0.20.1-1-g8b1a95d (webtiles) character file.

12 digijack the Magician (level 2, 0/13 HPs)
             Began as a Spriggan Wanderer on Nov 28, 2017.
             Slain by an adder (2 damage)
             ... on level 2 of the Dungeon.
             The game lasted 00:07:13 (1276 turns).

digijack the Magician (Spriggan Wanderer)           Turns: 1276, Time: 00:07:14

Health: 0/13       AC:  2    Str:  6    XL:     2   Next: 20%
Magic:  3/7        EV: 15    Int: 14    God:
Gold:   78         SH:  0    Dex: 16    Spells: 5/7 levels left

rFire    . . .     SeeInvis +   e - +1 dagger
rCold    . . .     Gourm    .   (shield restricted)
rNeg     . . .     Faith    .   d - +0 robe
rPois    .         Spirit   .   (helmet restricted)
rElec    .         Reflect  .   (no cloak)
rCorr    .         Harm     .   (gloves unavailable)
MR       .....                  (boots unavailable)
Stlth    ++........             (no amulet)
Regen    0.1/turn               (no ring)
MPRegen  0.1/turn               (no ring)

@: lethally poisoned (0 -> -7), infused, very slightly contaminated, very quick
A: unfitting armour, see invisible, herbivore 3, speed 3, slow metabolism 2
a: no special abilities


You were on level 2 of the Dungeon.
You were not hungry.

You visited 1 branch of the dungeon, and saw 2 of its levels.

You collected 78 gold pieces.

Inventory:

Hand Weapons
 e - a +1 dagger (weapon)
Armour
 d - a +0 robe (worn)
Jewellery
 j - an uncursed ring of ice
Wands
 c - a wand of random effects (39/48)
Scrolls
 g - a scroll of amnesia
Books
 a - a book of Battle

   Spells                             Type                      Level
   a - Infusion                       Charms                       1
   b - Shroud of Golubria             Charms/Translocation         2
   c - Song of Slaying                Charms                       2
   d - Spectral Weapon                Hexes/Charms                 3
   e - Regeneration                   Charms/Necromancy            3
 b - the Volume of Transmutation

   Spells                             Type                      Level
   a - Beastly Appendage              Transmutation                1
   b - Spider Form                    Transmutation/Poison         3
Comestibles
 f - a bread ration
 h - 2 royal jellies


   Skills:
 + Level 0.7 Short Blades
 - Level 1.0 Throwing
 - Level 0.4 Dodging
 + Level 0.4 Stealth
 + Level 3.1 Spellcasting
 + Level 1.5 Charms
   Level 1.5 Translocations
 + Level 0.0 Transmutations
   Level 2.6 Earth Magic
   Level 1.0 Poison Magic
 - Level 2.0 Evocations


You had 5 spell levels left.
You knew the following spells:

 Your Spells              Type           Power        Failure   Level  Hunger
a - Infusion              Chrm           #...         12%         1    #......
b - Beastly Appendage     Tmut           #.....       22%         1    #......


Dungeon Overview and Level Annotations

Branches:
Dungeon (2/15)

Altars:


Innate Abilities, Weirdness & Mutations

You are very small and have problems with some larger weapons.
You are too small for most types of armour.
You have supernaturally acute eyesight. (SInv)
You are a herbivore.
You cover ground extremely quickly.
You need consume almost no food.


Message History

You are poisoned.
The adder poisons you! The adder closely misses you.
You closely miss the adder.
The adder is severely wounded.
You feel sick. The adder closely misses you.
You barely miss the adder.
The adder is severely wounded.
The adder bites you but does no damage.
You miss the adder.
The adder is severely wounded.
You feel sick. The adder bites you.
* * * LOW HITPOINT WARNING * * *
The adder misses you.
You barely miss the adder.
The adder is severely wounded.
The adder barely misses you.
You hit the adder.
The adder is severely wounded.
The adder bites you.
You die...

#. #..###..
##. ....#.
... ..... #..
....#
#..##...#
..#...#
#....# #.@S#
####.#.......
#...##..#####
##<## ....
#.# ..##< ..#
... .. #..#
..## # ...#
#.# .#.##


You could see an adder.

Vanquished Creatures
  2 goblins (D:1)
  2 hobgoblins (D:1)
  3 bats (D:1)
  3 frilled lizards (D:1)
  3 kobolds (D:1)
  A rat (D:1)
14 creatures vanquished.

Notes
Turn   | Place    | Note
-------+----------+-------------------------------------------
     0 | D:1      | digijack the Spriggan Wanderer began the quest for the Orb.
     0 | D:1      | digijack set off with: a book of Battle, the Volume of Transmutation, a wand of random effects (15/48), a +0 robe, a +0 dagger, a bread ration
     0 | D:1      | Reached XP level 1. HP: 9/9 MP: 5/5
     5 | D:1      | Learned a level 1 spell: Infusion
     7 | D:1      | Learned a level 1 spell: Beastly Appendage
   446 | D:1      | Reached skill level 3 in Spellcasting
   457 | D:1      | Reached XP level 2. HP: 5/13 MP: 2/7
  1276 | D:2      | Slain by an adder

Skill      XL: |  1 |
---------------+----+-----
Spellcasting   | 3 |  3.1
Evocations     | 2 |  2.0
Short Blades   | |  0.7
Throwing       | |  1.0
Dodging        | |  0.4
Stealth        | |  0.4
Charms         | |  1.5
Translocations | |  1.5
Earth Magic    | |  2.6
Poison Magic   | |  1.0

Action                   || total
-------------------------++-------
Melee: Short sword       ||    20
       Dagger            ||    20
       Headbutt          ||     2
 Cast: Infusion          ||     9
       Beastly Appendage ||     6
  Use: Scroll            ||     8
       Potion            ||     2
Armor: Robe              ||     5
Dodge: Dodged            ||    27
